Map: Sanctuary III LE

Players

RipNHammer

  • Race: Terran Terran
  • League: Master
  • Spawn Location: 7:00

starkiller - Winner!

  • Race: Zerg Zerg
  • League: Grandmaster
  • Spawn Location: 1:00

VOD

Have the link to the VOD?

Description

Time

  • Played on: Sept. 6, 2026, 8:54 p.m.
  • Length: 13:41
Show
View Real Time Build Order
Export as new Build Order

RipNHammer Terran 

Build Orders: Reaper Expand 

Get SALT Encoding   

  8  0:00  SCV  
  9  0:12  SCV  
  10  0:24  SCV  
  11  0:36  SCV  
  11  0:39  Supply Depot  
  12  0:49  SCV  
  13  1:01  SCV  
  13  1:02  Barracks  
  14  1:08  Refinery  
  14  1:13  SCV  
  15  1:25  SCV  
  16  1:37  SCV  
  17  1:51  Reaper, Orbital Command  
  18  2:05  Command Center  
  18  2:16  Refinery  
  18  2:18  SCV  
  19  2:32  Factory  
  19  2:33  SCV  
  20  2:39  Supply Depot  
  20  2:44  Barracks Reactor  
  20  2:47  SCV  
  21  3:02  SCV  
  22  3:15  SCV  
  22  3:17  Starport  
  23  3:25  Orbital Command  
  23  3:29  Hellion  
  23  3:30  Hellion  
  27  3:36  SCV  
  28  3:48  SCV  
  29  3:52  Barracks Tech Lab, Hellion  
  31  3:58  Viking  
  31  4:01  SCV x2  
  35  4:13  SCV x2  
  37  4:19  Supply Depot  
  37  4:25  SCV  
  37  4:30  SCV  
  39  4:40  Banshee  
  39  4:41  Cloaking Field  
  39  4:42  SCV x2  
  41  4:50  Widow Mine x2  
  45  4:54  SCV  
  45  4:55  Marine, Supply Depot  
  47  5:00  Bunker  
  47  5:02  Supply Depot  
  47  5:03  SCV  
  47  5:05  Supply Depot  
  48  5:10  SCV  
  49  5:15  SCV  
  49  5:17  Widow Mine x2  
  54  5:24  Supply Depot  
  54  5:26  Banshee  
  55  5:32  SCV x2  
  55  5:33  Refinery  
  57  5:35  Refinery  
  57  5:38  Command Center  
  57  5:39  Hellion x2  
  61  5:44  SCV x2  
  56  5:59  SCV x2  
  56  6:06  Hellion x2  
  56  6:18  Supply Depot, SCV x2  
  49  6:30  Hellion x2, SCV x2  
  52  6:35  Factory  
  52  6:37  Factory  
  52  6:42  SCV  
  53  6:48  SCV  
  53  6:51  Factory  
  53  6:52  Orbital Command  
  54  6:55  SCV  
  54  7:00  SCV  
  56  7:05  Factory  
  56  7:07  SCV  
  56  7:08  Hellion x2  
  61  7:13  SCV  
  62  7:19  SCV  
  63  7:25  SCV  
  63  7:29  Hellion x2  
  62  7:45  Cyclone  
  62  7:47  Factory Tech Lab  
  62  7:48  SCV  
  62  7:49  SCV x2  
  68  7:55  Factory Tech Lab  
  68  7:56  Mag-Field Accelerator  
  66  8:04  Factory Tech Lab, SCV  
  67  8:07  Engineering Bay  
  67  8:12  Widow Mine, Hellion, Cyclone  
  74  8:13  SCV  
  74  8:16  SCV  
  74  8:17  Supply Depot, Siege Tank  
  74  8:19  Armory  
  79  8:25  SCV  
  80  8:29  Cyclone  
  80  8:30  Cyclone  
  86  8:41  Widow Mine, Hellion  
  90  8:42  Missile Turret  
  90  8:43  Missile Turret x2  
  90  8:45  Missile Turret  
  90  8:47  Cyclone  
  93  8:49  Cyclone  
  93  8:52  Infernal Pre-Igniter  
  96  8:57  SCV  
  96  9:01  Cyclone, Supply Depot  
  100  9:05  Factory  
  100  9:09  Missile Turret  
  100  9:10  Cyclone  
  100  9:15  Hellion x2  
  107  9:18  SCV x2  
  107  9:28  Orbital Command  
  107  9:30  SCV x2  
  98  9:33  Cyclone  
  101  9:44  Cyclone x2, Hellion x2, Siege Tank  
  114  9:48  SCV  
  114  9:49  SCV  
  116  9:58  Factory Tech Lab  
  117  10:00  SCV x2  
  117  10:01  SCV  
  117  10:06  Missile Turret  
  119  10:07  Refinery  
  119  10:09  Refinery  
  119  10:10  Supply Depot x2  
  119  10:14  Supply Depot  
  119  10:18  Hellion  
  119  10:20  SCV x2  
  118  10:22  Siege Tank  
  118  10:26  Cyclone x2  
  111  10:32  Missile Turret  
  111  10:33  Missile Turret  
  111  10:34  Missile Turret, Cyclone, Siege Tank, Hellion  
  110  10:54  Cyclone  
  108  10:57  Hellion  
  108  10:58  SCV x2, Siege Tank, Cyclone  
  99  11:06  Hellion, Siege Tank, Cyclone  
  99  11:08  Terran Vehicle Weapons Level 1  
  99  11:10  SCV  
  102  11:11  Armory  
  102  11:13  Orbital Command  
  104  11:18  Hellion  
  94  11:26  Cyclone  
  94  11:30  Siege Tank  
  97  11:33  Cyclone  
  97  11:38  Cyclone  
  95  11:47  SCV x3  
  95  11:50  Siege Tank, Hellion  
  103  11:58  Cyclone  
  103  11:59  SCV x3  
  109  12:05  Refinery  
  109  12:06  Cyclone  
  112  12:11  SCV x3  
  115  12:23  SCV x3  
  115  12:26  Cyclone, Hellion  
  115  12:27  Missile Turret  
  123  12:35  SCV x2  
  123  12:36  SCV  
  122  12:38  Widow Mine, Cyclone, Hellion, Siege Tank  
  118  12:51  Cyclone  
  118  12:52  Hellion  
  118  12:55  Missile Turret  
  114  13:07  Missile Turret  
  114  13:13  SCV x3  
  117  13:25  SCV x3  
  122  13:28  Missile Turret  
  98  13:35  Missile Turret  
Show
View Real Time Build Order
Export as new Build Order

starkiller Zerg - Winner!

Build Orders: Hatch First 

Get SALT Encoding   

  8  0:00  Drone  
  9  0:10  Drone  
  10  0:16  Drone  
  11  0:22  Drone  
  12  0:33  Overlord  
  12  0:51  Drone x3  
  15  1:13  Hatchery  
  15  1:17  Drone  
  15  1:21  Drone  
  16  1:37  Spawning Pool  
  15  1:40  Drone  
  15  1:44  Drone  
  17  1:48  Drone  
  17  1:51  Drone  
  19  1:58  Extractor  
  19  2:01  Drone  
  19  2:11  Overlord  
  19  2:24  Queen  
  19  2:26  Queen  
  19  2:29  Zergling x2  
  24  2:33  Zergling x2  
  25  2:40  Drone x2  
  25  2:43  Drone  
  28  2:49  Overlord  
  28  3:03  Drone  
  29  3:05  Lair  
  29  3:06  Drone  
  29  3:08  Drone  
  31  3:18  Roach Warren  
  30  3:20  Drone  
  30  3:22  Drone  
  30  3:25  Drone  
  33  3:31  Drone x2  
  35  3:38  Overlord  
  35  3:40  Drone x2  
  37  3:43  Drone  
  37  3:45  Drone  
  39  3:49  Overlord  
  39  3:51  Drone  
  40  3:58  Drone x3  
  43  4:03  Glial Reconstitution, Extractor  
  43  4:05  Drone  
  43  4:07  Drone  
  44  4:10  Drone  
  44  4:11  Roach  
  44  4:14  Roach  
  51  4:17  Roach  
  51  4:19  Roach  
  53  4:27  Extractor  
  52  4:37  Roach x2  
  55  4:48  Hatchery  
  55  4:49  Overlord x3  
  54  4:58  Overlord  
  54  5:00  Overlord x2  
  54  5:07  Roach x3  
  54  5:09  Roach  
  54  5:11  Roach  
  64  5:18  Roach  
  64  5:20  Roach  
  68  5:22  Metabolic Boost, Evolution Chamber  
  68  5:25  Roach  
  69  5:29  Drone  
  69  5:31  Drone x4  
  74  5:36  Queen  
  74  5:38  Drone  
  74  5:41  Drone  
  78  5:45  Drone x2  
  72  6:01  Drone x6  
  72  6:13  Drone x4  
  72  6:19  Drone x2  
  72  6:25  Drone x2, Queen  
  74  6:26  Spore Crawler  
  74  6:27  Spore Crawler  
  74  6:29  Spore Crawler  
  74  6:31  Spire  
  66  6:33  Extractor  
  66  6:34  Extractor  
  66  6:37  Extractor  
  66  6:39  Extractor, Drone x5  
  65  6:42  Drone x2  
  65  6:45  Hatchery  
  66  6:48  Drone x3  
  69  6:57  Spore Crawler  
  69  6:58  Drone  
  69  6:59  Zerg Melee Weapons Level 1  
  69  7:02  Drone x4  
  69  7:07  Drone x3  
  76  7:11  Overlord  
  76  7:20  Zergling x18  
  76  7:22  Overseer  
  74  7:30  Extractor  
  68  7:46  Drone x4  
  68  7:48  Drone  
  68  7:50  Mutalisk x7, Zerg Flyer Weapons Level 1  
  87  7:56  Drone x2  
  87  7:57  Drone  
  86  8:03  Overseer  
  83  8:11  Drone x7  
  90  8:18  Drone  
  90  8:19  Drone x2  
  93  8:30  Drone x5  
  93  8:33  Queen  
  100  8:38  Mutalisk x2  
  100  8:39  Extractor  
  100  8:41  Overlord x2  
  103  8:45  Overlord x2  
  103  8:55  Zerg Melee Weapons Level 2  
  103  8:57  Overlord x2  
  103  9:05  Mutalisk x5  
  113  9:12  Mutalisk x2  
  113  9:14  Hatchery  
  116  9:17  Mutalisk x2  
  116  9:30  Mutalisk x2  
  101  9:32  Zergling x2  
  101  9:33  Zergling x18  
  101  9:36  Mutalisk x2  
  113  9:42  Mutalisk  
  115  9:46  Zergling x12  
  115  9:48  Overlord  
  121  9:54  Zerg Flyer Weapons Level 2  
  121  9:58  Evolution Chamber  
  120  10:00  Infestation Pit  
  120  10:02  Mutalisk  
  120  10:04  Zergling x10  
  126  10:07  Zergling x2  
  126  10:08  Zergling x2  
  123  10:27  Mutalisk x4  
  123  10:28  Mutalisk  
  125  10:36  Zergling x10  
  125  10:37  Zergling x16  
  125  10:42  Overlord x3  
  125  11:03  Drone x16  
  125  11:04  Drone x2  
  140  11:17  Drone x6  
  139  11:30  Mutalisk x8  
  146  11:43  Mutalisk  
  146  11:44  Mutalisk x5  
  154  11:49  Extractor  
  154  11:51  Extractor  
  154  11:52  Hive  
  152  12:00  Hatchery, Extractor x2  
  149  12:03  Drone x2  
  149  12:04  Drone x4  
  155  12:17  Overlord  
  155  12:18  Overlord x4  
  155  12:21  Hatchery  
  154  12:45  Zergling x16  
  154  12:49  Zergling x24  
  174  12:52  Overlord x3  
  172  13:06  Zergling x2  
  172  13:10  Ultralisk Cavern  
Tags
 
Add a new tag
Caveats
  • Supply blocks, unpowered buildings, or Contaminate may cause inaccurate times.
  • Supply counts are checked every 10 seconds.